 Dungeon Crawl Stone Soup version 0.23-a0-449-g8e4cbf7 (webtiles) character file.

84 Lavandula the Gusty (level 4, -7/36 HPs)
             Began as a Naga Air Elementalist on Nov 22, 2018.
             Mangled by an ogre
             ... wielding a +0 giant spiked club
              (21 damage)
             ... on level 4 of the Dungeon.
             The game lasted 00:02:35 (754 turns).

Lavandula the Gusty (Naga Air Elementalist)          Turns: 754, Time: 00:02:36

Health: -7/36      AC:  3    Str: 10    XL:     4   Next: 45%
Magic:  7/8        EV: 10    Int: 17    God:
Gold:   118        SH:  0    Dex: 11    Spells: 8/9 levels left

rFire    . . .     SeeInvis +   h - +3 quarterstaff (chaos)
rCold    . . .     Gourm    .   (shield currently unavailable)
rNeg     . . .     Faith    .   a - +0 robe
rPois    +         Spirit   .   (no helmet)
rElec    .         Reflect  .   i - +0 cloak {+Inv}
rCorr    .         Harm     .   (no gloves)
MR       .....                  (no barding)
Stlth    ++........             (no amulet)
HPRegen  0.12/turn              (no ring)
MPRegen  0.11/turn              (no ring)

@: very slow
A: large, see invisible, deformed body, poison resistance, slowness 2, slow
metabolism 1, spit poison 1, AC +1
a: Spit Poison, Evoke Invisibility


You were on level 4 of the Dungeon.
You were not hungry.

You visited 1 branch of the dungeon, and saw 4 of its levels.

You collected 118 gold pieces.

Inventory:

Hand Weapons
 b - a +0 dagger
 h - a +3 quarterstaff of chaos (weapon)
Armour
 a - a +0 robe (worn)
 i - a +0 cloak of invisibility (worn)
Jewellery
 e - an uncursed amulet of the gourmand {unknown}
Potions
 d - a potion of degeneration {unknown}
 f - a potion of curing {unknown}
 g - a potion of mutation {unknown}
 j - a potion of cancellation {unknown}
Comestibles
 c - 3 rations


   Skills:
 + Level 1.9 Staves
 - Level 1.5 Dodging
 - Level 3.0 Stealth
 - Level 3.0 Spellcasting
 - Level 1.0 Conjurations
 - Level 3.7 Air Magic


You had 8 spell levels left.
You knew the following spells:

 Your Spells              Type           Power        Failure   Level  Hunger
a - Shock                 Conj/Air       ##..         7%          1    None

Your spell library contained the following spells:

 Spells                   Type           Power        Failure   Level  Hunger
 Swiftness                Chrm/Air       #.......     12%         2    ##.....
 Static Discharge         Conj/Air       ##......     21%         3    ###....
 Airstrike                Air            ###.......   36%         4    ####...
 Lightning Bolt           Conj/Air       ##........   88%         5    ######.


Dungeon Overview and Level Annotations

Branches:
Dungeon (4/15)
 Temple: D:4-7

Altars:
Fedhas

Shops:
D:4 =


Innate Abilities, Weirdness & Mutations

You cannot wear boots.
Your serpentine skin is tough. (AC +1)
You have supernaturally acute eyesight. (SInv)
Armour fits poorly on your strangely shaped body.
Your system is resistant to poisons. (rPois)
You cover ground very slowly.
You have a slow metabolism.
You can spit poison.


Message History

Aim: an ogre, wielding a +0 giant spiked club The zap hits the ogre.
The ogre is lightly wounded.
Press: ? - help, Shift-Dir - straight line, f/p - ogre
Aim: an ogre, wielding a +0 giant spiked club (lightly wounded)
The splash of poison hits the ogre.
The ogre is poisoned.
The ogre is moderately wounded.
You feel slightly more hungry.
You fail to use your ability.
You fail to use your ability.
You have got your breath back.
You sock the ogre!
The ogre is severely wounded.
The ogre hits you with a +0 giant spiked club!!
Ouch! That really hurt!
You hit the ogre but do no damage.
The ogre is severely wounded.
The ogre hits you with a +0 giant spiked club!!
Ouch! That really hurt!
You die...

#..... .....##
...... # ..... ..
### ...# ..####.#
..# ......###.## .
. #....#O..###..
....##...@##.....#
.......<........##
......##...≈.≈.##
......#...≈≈.≈≈#
........<#≈≈∩≈≈.#
.........#≈≈≈≈≈.#
...#..#####≈≈≈....
.. #.. ..##..# ...
..# ..#


You could see an ogre.

Vanquished Creatures
  Crazy Yiuf (D:3)
  An orc wizard (D:3)
  An adder (D:3)
  An ooze (D:2)
  2 orcs (D:3)
  A goblin (D:2)
  5 hobgoblins
  A kobold (D:3)
  2 bats
  2 rats
17 creatures vanquished.

Notes
Turn   | Place    | Note
-------+----------+-------------------------------------------
     0 | D:1      | Lavandula the Naga Air Elementalist began the quest for the
                  | Orb.
     0 | D:1      | Reached XP level 1. HP: 15/15 MP: 3/3
    97 | D:2      | Reached XP level 2. HP: 19/22 MP: 1/5
   376 | D:3      | Found a runed door.
   380 | D:3      | Noticed Crazy Yiuf
   386 | D:3      | Killed Crazy Yiuf
   386 | D:3      | Reached XP level 3. HP: 2/28 MP: 3/7
   469 | D:3      | Found a blossoming altar of Fedhas.
   625 | D:2      | Reached skill level 1 in Staves
   625 | D:2      | Reached XP level 4. HP: 30/36 MP: 4/8
   729 | D:4      | Found Zivischue's Jewellery Shoppe.
   742 | D:4      | Noticed an ogre
   754 | D:4      | Mangled by an ogre

Vault maps used:
D:1:      dpeg_chamrin_arrival_tetris
D:2:      first_ration, uniq_robin, uniq_sigmund
D:3:      fedhas_altar_3, uniq_crazy_yiuf_cottage
D:4:      chequers_temple_overflow_statue_of_worship, minmay_temple_entry_waves,
          serial_shops, nicolae_shop_waterfront, minmay_manual_monstrance

Skill      XL: |  1  2  3 |
---------------+----------+-----
Spellcasting   | 3 |  3.0
Staves         | 1 |  1.9
Dodging        | |  1.5
Stealth        | |  3.0
Conjurations   | |  1.0
Air Magic      | |  3.7

Action                   |  1- 3 |  4- 6 || total
-------------------------+-------+-------++-------
Melee: Dagger            |     2 |       ||     2
       Quarterstaff      |    10 |     3 ||    13
 Cast: Shock             |    17 |     2 ||    19
 Abil: Spit Poison       |    13 |     3 ||    16
 Stab: Sleeping          |     1 |       ||     1
Armor: Robe              |     1 |       ||     1
Dodge: Dodged            |     6 |       ||     6

Table legend:
 A = Non-vault XP
 B = Vault XP
 C = Vault XP percentage of total XP
 D = Non-vault monster count
 E = Vault monster count
 F = Vault count percentage of total count
                 A         B        C        D         E       F
            +---------+---------+-------+---------+---------+-------
      Total |      80 |      40 |  33.3 |      16 |       1 |   5.9
            +---------+---------+-------+---------+---------+-------
        D:1 |       4 |       0 |   0.0 |       2 |       0 |   0.0
        D:2 |      15 |       0 |   0.0 |       6 |       0 |   0.0
        D:3 |      61 |      40 |  39.6 |       8 |       1 |  11.1
            +---------+---------+-------+---------+---------+-------
